| TOP OF THE 1ST |
|
Atlanta Braves batting - Pitching for Miami Marlins : LHP Matt Payne
|
|
Pitching: LHP Matt Payne
|
|
|
Batting: RHB Jeckel Hester
|
0-0: Called Strike 0-1: Ball 1-1: Ball 2-1: Ball 3-1: Base on Balls
|
|
Batting: RHB Butch Kaiser
|
0-0: Swinging Strike 0-1: Ball Jeckel Hester is caught stealing 2nd base 2-4 1-1: Foul Ball, location: 2F 1-2: Foul Ball, location: 2F 1-2: Foul Ball, location: 2F 1-2: Strikes out swinging
|
|
Batting: RHB Jordan Martin
|
0-0: Ball 1-0: Fly out, F8 (Flyball, 8RM, EV 75.0 MPH)
|
| Top of the 1st over - 0 runs, 0 hits, 0 errors, 0 left on base; Atlanta 0 - Miami 0 |
| BOTTOM OF THE 1ST |
|
Miami Marlins batting - Pitching for Atlanta Braves : RHP Bobby Weiser
|
|
Pitching: RHP Bobby Weiser
|
|
|
Batting: RHB Roger Salazar
|
0-0: Called Strike 0-1: Ball 1-1: Called Strike 1-2: Foul Ball, location: 2F 1-2: Foul Ball, location: 2F 1-2: Ball 2-2: Ball 3-2: Base on Balls
|
|
Batting: RHB Bert Clark
|
0-0: Called Strike 0-1: Swinging Strike 0-2: Ball 1-2: Foul Ball, location: 2F 1-2: Foul Ball, location: 2F 1-2: Ball 2-2: Ball 3-2: Grounds into double play, 4-6-3 (Groundball, 4, EV 80.0 MPH)
|
|
Batting: LHB Andre Gorter
|
0-0: Called Strike 0-1: Ball 1-1: Ball 2-1: Ball 3-1: Base on Balls
|
|
Batting: RHB Jimmy Groseclose
|
0-0: Ball Andre Gorter steals 2nd base 1-0: Foul Ball, location: 2F 1-1: Ground out 6-3 (Groundball, 6, EV 110.0 MPH)
|
| Bottom of the 1st over - 0 runs, 0 hits, 0 errors, 1 left on base; Atlanta 0 - Miami 0 |
| TOP OF THE 2ND |
|
Atlanta Braves batting - Pitching for Miami Marlins : LHP Matt Payne
|
|
Batting: RHB Jared Speck
|
0-0: Ball 1-0: Called Strike 1-1: Ball 2-1: SINGLE (Line Drive, 4D, EV 95.0 MPH)
|
|
Batting: RHB Adriaan Pieters
|
0-0: Foul Ball, location: 2F 0-1: Called Strike 0-2: Ball 1-2: Strikes out swinging
|
|
Batting: RHB Ramon Villarreal
|
Pickoff Throw to First - Out! 1-3 0-0: Swinging Strike 0-1: Called Strike 0-2: Foul Ball, location: 2F 0-2: Foul Ball, location: 2F 0-2: Strikes out swinging
|
| Top of the 2nd over - 0 runs, 1 hit, 0 errors, 0 left on base; Atlanta 0 - Miami 0 |
| BOTTOM OF THE 2ND |
|
Miami Marlins batting - Pitching for Atlanta Braves : RHP Bobby Weiser
|
|
Batting: RHB Micah Christopher
|
0-0: Foul Ball, location: 2F 0-1: Ball 1-1: Ball 2-1: Ball 3-1: Swinging Strike 3-2: Base on Balls
|
|
Batting: SHB Ramon Martinez
|
0-0: Called Strike 0-1: Foul Ball, location: 2F 0-2: Foul Ball, location: 2F 0-2: Ball 1-2: Foul Ball, location: 2F 1-2: Ball 2-2: Strikes out swinging
|
|
Batting: LHB Eric Bailey
|
0-0: Ball 1-0: Ball 2-0: Called Strike 2-1: Fly out, F8 (Flyball, 8LM, EV 80.0 MPH)
|
|
Batting: RHB Alberto Cotto
|
0-0: Fly out, F8 (Flyball, 8LXD, EV 108.8 MPH)
|
| Bottom of the 2nd over - 0 runs, 0 hits, 0 errors, 1 left on base; Atlanta 0 - Miami 0 |
| TOP OF THE 3RD |
|
Atlanta Braves batting - Pitching for Miami Marlins : LHP Matt Payne
|
|
Batting: RHB Liangde Li
|
0-0: Foul Ball, location: 2F 0-1: Swinging Strike 0-2: Ball 1-2: Hit by Pitch
|
|
Batting: RHB Cole Bittner
|
0-0: SINGLE (Flyball, 78S, EV 91.2 MPH) Liangde Li to second
|
|
Batting: RHB Charles Marcel
|
0-0: Called Strike 0-1: Ball 1-1: Foul Ball, location: 2F 1-2: Ball 2-2: SINGLE (Groundball, 25, EV 70.6 MPH) (infield hit) Liangde Li to third Cole Bittner to second
|
|
Batting: RHB Jeckel Hester
|
0-0: Called Strike 0-1: Foul Ball, location: 2F 0-2: Grounds into double play, 6-4-3 (Groundball, 6, EV 106.9 MPH) Liangde Li scores Cole Bittner to third
|
|
Batting: RHB Butch Kaiser
|
0-0: Called Strike 0-1: Ball 1-1: Called Strike 1-2: Foul Ball, location: 2F 1-2: Strikes out swinging
|
| Top of the 3rd over - 1 run, 2 hits, 0 errors, 1 left on base; Atlanta 1 - Miami 0 |
| BOTTOM OF THE 3RD |
|
Miami Marlins batting - Pitching for Atlanta Braves : RHP Bobby Weiser
|
|
Batting: RHB Tony Stedman
|
0-0: Swinging Strike 0-1: Ball 1-1: Ball 2-1: Fly out, F9 (Flyball, 9LS, EV 84.4 MPH)
|
|
Batting: RHB Roger Salazar
|
0-0: Ball 1-0: Ground out 5-3 (Groundball, 25, EV 89.4 MPH)
|
|
Batting: RHB Bert Clark
|
0-0: Ball 1-0: Ball 2-0: Called Strike 2-1: Ball 3-1: Base on Balls
|
|
Batting: LHB Andre Gorter
|
0-0: Ball 1-0: Called Strike Bert Clark steals 2nd base 1-1: Ball 2-1: Foul Ball, location: 2F 2-2: Ball 3-2: Ground out 4-3 (Groundball, 4, EV 91.9 MPH)
|
| Bottom of the 3rd over - 0 runs, 0 hits, 0 errors, 1 left on base; Atlanta 1 - Miami 0 |
| TOP OF THE 4TH |
|
Atlanta Braves batting - Pitching for Miami Marlins : LHP Matt Payne
|
|
Batting: RHB Jordan Martin
|
0-0: Swinging Strike 0-1: Ball 1-1: Swinging Strike 1-2: Ball 2-2: Foul Ball, location: 2F 2-2: Foul Ball, location: 2F 2-2: Ball 3-2: Base on Balls
|
|
Batting: RHB Jared Speck
|
0-0: Ball 1-0: Grounds into double play, 5-4-3 (Groundball, 56S, EV 91.2 MPH)
|
|
Batting: RHB Adriaan Pieters
|
0-0: Called Strike 0-1: Swinging Strike 0-2: Strikes out looking
|
| Top of the 4th over - 0 runs, 0 hits, 0 errors, 0 left on base; Atlanta 1 - Miami 0 |
| BOTTOM OF THE 4TH |
|
Miami Marlins batting - Pitching for Atlanta Braves : RHP Bobby Weiser
|
|
Batting: RHB Jimmy Groseclose
|
0-0: Ground out 6-3 (Groundball, 6, EV 82.5 MPH)
|
|
Batting: RHB Micah Christopher
|
0-0: Called Strike 0-1: Fly out, F9 (Line Drive, 9LM, EV 89.4 MPH)
|
|
Batting: SHB Ramon Martinez
|
0-0: Called Strike 0-1: Foul Ball, location: 2F 0-2: Foul Ball, location: 2F 0-2: SOLO HOME RUN (Flyball, 89XD, EV 111.9 MPH), Distance : 428 ft
|
|
Batting: LHB Eric Bailey
|
0-0: Ball 1-0: Called Strike 1-1: Ball 2-1: Ball 3-1: DOUBLE (Line Drive, 8RXD, EV 108.8 MPH)
|
|
Batting: RHB Alberto Cotto
|
0-0: Foul Ball, location: 2F 0-1: Ground out 5-3 (Groundball, 56S, EV 76.2 MPH)
|
| Bottom of the 4th over - 1 run, 2 hits, 0 errors, 1 left on base; Atlanta 1 - Miami 1 |
| TOP OF THE 5TH |
|
Atlanta Braves batting - Pitching for Miami Marlins : LHP Matt Payne
|
|
Batting: RHB Ramon Villarreal
|
0-0: Foul Ball, location: 2F 0-1: Called Strike 0-2: Ball 1-2: Ball 2-2: Ball 3-2: Base on Balls
|
|
Batting: RHB Liangde Li
|
0-0: Ball 1-0: Ball 2-0: Grounds into double play, 6-4-3 (Groundball, 6, EV 110.0 MPH)
|
|
Batting: RHB Cole Bittner
|
0-0: Swinging Strike 0-1: Ball 1-1: Called Strike 1-2: Foul Ball, location: 2F 1-2: Ball 2-2: Ball 3-2: Strikes out swinging
|
| Top of the 5th over - 0 runs, 0 hits, 0 errors, 0 left on base; Atlanta 1 - Miami 1 |
| BOTTOM OF THE 5TH |
|
Miami Marlins batting - Pitching for Atlanta Braves : RHP Bobby Weiser
|
|
Batting: RHB Tony Stedman
|
0-0: Foul Ball, location: 2F 0-1: Swinging Strike 0-2: Ball 1-2: Strikes out swinging
|
|
Batting: RHB Roger Salazar
|
0-0: Called Strike 0-1: Ball 1-1: Called Strike 1-2: SINGLE (Flyball, 3D, EV 93.1 MPH)
|
|
Batting: RHB Bert Clark
|
0-0: Called Strike 0-1: Fielders Choice at 2nd, 3-6 (Groundball, 34, EV 81.2 MPH)
|
|
Batting: LHB Andre Gorter
|
0-0: Ball 1-0: Ball 2-0: Swinging Strike 2-1: Fly out, F2 (Popup, 25F, EV 86.2 MPH)
|
| Bottom of the 5th over - 0 runs, 1 hit, 0 errors, 1 left on base; Atlanta 1 - Miami 1 |
| TOP OF THE 6TH |
|
Atlanta Braves batting - Pitching for Miami Marlins : LHP Matt Payne
|
|
Batting: RHB Charles Marcel
|
0-0: Called Strike 0-1: Ball 1-1: Ball 2-1: Foul Ball, location: 2F 2-2: Strikes out swinging
|
|
Batting: RHB Jeckel Hester
|
0-0: Called Strike 0-1: Ball 1-1: Called Strike 1-2: Ball 2-2: Ball 3-2: SINGLE (Groundball, 25, EV 68.8 MPH) (infield hit)
|
|
Batting: RHB Butch Kaiser
|
0-0: Ball 1-0: Foul Ball, location: 2F 1-1: Swinging Strike 1-2: Foul Ball, location: 2F 1-2: Foul Ball, location: 2F 1-2: Strikes out looking
|
|
Batting: RHB Jordan Martin
|
0-0: Called Strike 0-1: Ball Jeckel Hester is caught stealing 2nd base 2-4
|
| Top of the 6th over - 0 runs, 1 hit, 0 errors, 0 left on base; Atlanta 1 - Miami 1 |
| BOTTOM OF THE 6TH |
|
Miami Marlins batting - Pitching for Atlanta Braves : RHP Bobby Weiser
|
|
Pitching: RHP Tim Catalano
|
|
|
Batting: RHB Jimmy Groseclose
|
0-0: Ball 1-0: Foul Ball, location: 2F 1-1: Foul Ball, location: 2F 1-2: Fly out, F8 (Flyball, 8RM, EV 88.8 MPH)
|
|
Batting: RHB Micah Christopher
|
0-0: Ball 1-0: SINGLE (Groundball, 56D, EV 98.1 MPH)
|
|
Batting: SHB Ramon Martinez
|
0-0: Ball 1-0: Called Strike 1-1: Ground out 4-3 (Groundball, 34, EV 96.9 MPH) Micah Christopher to second
|
|
Batting: LHB Eric Bailey
|
0-0: Foul Ball, location: 2F 0-1: Foul Ball, location: 2F 0-2: Strikes out looking
|
| Bottom of the 6th over - 0 runs, 1 hit, 0 errors, 1 left on base; Atlanta 1 - Miami 1 |
| TOP OF THE 7TH |
|
Atlanta Braves batting - Pitching for Miami Marlins : LHP Matt Payne
|
|
Batting: RHB Jordan Martin
|
0-0: Ball 1-0: Ball 2-0: Foul Ball, location: 2F 2-1: Ball 3-1: Called Strike 3-2: Ground out 1-3 (Groundball, 15S, EV 65.6 MPH)
|
|
Batting: RHB Jared Speck
|
0-0: Ball 1-0: Ball 2-0: Called Strike 2-1: Foul Ball, location: 2F 2-2: Strikes out looking
|
|
Batting: RHB Adriaan Pieters
|
0-0: Foul Ball, location: 2F 0-1: Ground out 5-3 (Groundball, 5, EV 101.9 MPH)
|
| Top of the 7th over - 0 runs, 0 hits, 0 errors, 0 left on base; Atlanta 1 - Miami 1 |
| BOTTOM OF THE 7TH |
|
Miami Marlins batting - Pitching for Atlanta Braves : RHP Tim Catalano
|
|
Batting: RHB Alberto Cotto
|
0-0: Swinging Strike 0-1: Called Strike 0-2: Ball 1-2: Strikes out swinging
|
|
Batting: RHB Tony Stedman
|
0-0: Called Strike 0-1: Foul Ball, location: 2F 0-2: Fly out, F8 (Flyball, 89D, EV 100.0 MPH)
|
|
Batting: RHB Roger Salazar
|
0-0: Ball 1-0: Ball 2-0: Fly out, F8 (Flyball, 89XD, EV 108.8 MPH)
|
| Bottom of the 7th over - 0 runs, 0 hits, 0 errors, 0 left on base; Atlanta 1 - Miami 1 |
| TOP OF THE 8TH |
|
Atlanta Braves batting - Pitching for Miami Marlins : LHP Matt Payne
|
|
Pitching: RHP Chris Nickerson
|
|
|
Batting: RHB Ramon Villarreal
|
0-0: Ball 1-0: Reached on error, E6 (Groundball, 6, EV 97.5 MPH)
|
|
Batting: RHB Liangde Li
|
0-0: TRIPLE (Flyball, 8RXD, EV 96.9 MPH) Ramon Villarreal scores
|
|
Batting: RHB Cole Bittner
|
0-0: Ball 1-0: Foul Ball, location: 2F 1-1: SINGLE (Line Drive, 56D, EV 100.0 MPH) Liangde Li scores
|
|
Batting: RHB Charles Marcel
|
0-0: Foul Ball, location: 2F 0-1: Reached on error, E3 (Groundball, 3S, EV 43.8 MPH) Cole Bittner to third
|
|
Batting: RHB Jeckel Hester
|
0-0: Ball 1-0: Called Strike 1-1: Foul Ball, location: 2F 1-2: Ball 2-2: TRIPLE (Line Drive, 8LXD, EV 111.9 MPH) Cole Bittner scores Charles Marcel scores
|
|
Pitching: RHP Doug Seliger
|
|
|
Batting: RHB Butch Kaiser
|
0-0: Ball 1-0: Ball 2-0: Called Strike 2-1: Ball 3-1: Fly out, F3 (Line Drive, 3, EV 66.2 MPH)
|
|
Batting: RHB Jordan Martin
|
0-0: Called Strike 0-1: Ball 1-1: Ball 2-1: Swinging Strike 2-2: Strikes out swinging
|
|
Batting: RHB Jared Speck
|
0-0: Called Strike 0-1: Ball 1-1: Ground out 6-3 (Groundball, 56, EV 101.9 MPH)
|
| Top of the 8th over - 4 runs, 3 hits, 2 errors, 1 left on base; Atlanta 5 - Miami 1 |
| BOTTOM OF THE 8TH |
|
Miami Marlins batting - Pitching for Atlanta Braves : RHP Tim Catalano
|
|
Pitching: RHP Alex Montes
|
|
|
Batting: RHB Bert Clark
|
0-0: Called Strike 0-1: SINGLE (Groundball, 34D, EV 106.2 MPH) (infield hit)
|
|
Batting: LHB Andre Gorter
|
0-0: Ball 1-0: Ball 2-0: Called Strike 2-1: DOUBLE (Line Drive, 5D, EV 95.0 MPH) Bert Clark to third Runner from 3rd tries for Home, throw by LF and OUT! 7-2 Andre Gorter to third
|
|
Batting: RHB Jimmy Groseclose
|
0-0: Ball 1-0: Swinging Strike 1-1: DOUBLE (Line Drive, 9LD, EV 105.6 MPH) Andre Gorter scores
|
|
Batting: RHB Micah Christopher
|
0-0: Ground out 3-1 (Groundball, 34S, EV 61.2 MPH) Jimmy Groseclose to third
|
|
Batting: SHB Ramon Martinez
|
0-0: Ball 1-0: Ball 2-0: Called Strike 2-1: Ball 3-1: Base on Balls
|
|
Batting: LHB Eric Bailey
|
0-0: Swinging Strike 0-1: Ball 1-1: Foul Ball, location: 2F 1-2: SINGLE (Groundball, 4MD, EV 101.9 MPH) Jimmy Groseclose scores Ramon Martinez to second Runner from 2nd tries for 3rd, SAFE, throw by CF made at trailing runner, OUT! 8-6
|
| Bottom of the 8th over - 2 runs, 4 hits, 0 errors, 1 left on base; Atlanta 5 - Miami 3 |
| TOP OF THE 9TH |
|
Atlanta Braves batting - Pitching for Miami Marlins : RHP Doug Seliger
|
|
Batting: RHB Adriaan Pieters
|
0-0: Foul Ball, location: 2F 0-1: Fly out, F9 (Line Drive, 9, EV 91.2 MPH)
|
|
Batting: RHB Ramon Villarreal
|
0-0: SINGLE (Groundball, 6MD, EV 95.0 MPH)
|
|
Batting: RHB Liangde Li
|
0-0: Ball 1-0: Foul Ball, location: 2F 1-1: Ball 2-1: Called Strike Ramon Villarreal steals 2nd base 2-2: Foul Ball, location: 2F 2-2: Ball 3-2: Strikes out swinging
|
|
Batting: RHB Cole Bittner
|
0-0: Foul Ball, location: 2F 0-1: Foul Ball, location: 2F 0-2: Strikes out swinging
|
| Top of the 9th over - 0 runs, 1 hit, 0 errors, 1 left on base; Atlanta 5 - Miami 3 |
| BOTTOM OF THE 9TH |
|
Miami Marlins batting - Pitching for Atlanta Braves : RHP Alex Montes
|
|
Pitching: RHP Victor Munoz
|
|
|
Batting: RHB Alberto Cotto
|
0-0: Foul Ball, location: 2F 0-1: Ball 1-1: Foul Ball, location: 2F 1-2: SINGLE (Groundball, 6S, EV 95.6 MPH)
|
|
Batting: RHB Tony Stedman
|
0-0: Foul Ball, location: 2F 0-1: Foul Ball, location: 2F 0-2: Foul Ball, location: 2F 0-2: Fly out, F8 (Line Drive, 8RM, EV 101.2 MPH)
|
|
Batting: RHB Roger Salazar
|
0-0: Ball 1-0: Swinging Strike 1-1: Called Strike 1-2: Strikes out swinging
|
|
Batting: RHB Bert Clark
|
0-0: Fly out, F4 (Popup, 4, EV 73.1 MPH)
|
| Bottom of the 9th over - 0 runs, 1 hit, 0 errors, 1 left on base; Atlanta 5 - Miami 3 |
|